WCHLSIM.com - West Coast Hockey League
html PUBLIC "-//W3C//DTD XHTML 1.0 Transitional//EN" "http://www.w3.org/TR/xhtml1/DTD/xhtml1-transitional.dtd"> WCHL - Game 128 - EDMONTON ICE vs TEXAS TOROS

EDMONTON ICE vs TEXAS TOROS

Created - 30 novembre 2020 at 21:51

Goals
1 2 3 T
EDMONTON ICE 2 3 0 5
TEXAS TOROS 0 0 1 1
Shots
1 2 3 T
EDMONTON ICE 12 20 6 38
TEXAS TOROS 4 12 6 22

1st period

1. EDMONTON ICE , Jaden Schwartz 3 (Patric Hornqvist 4, Ryan O'Reilly 7) at 4:00
2. EDMONTON ICE , Timo Meier 3 (Anthony Mantha 5) at 5:47

Penalties :
Colton Parayko (EDM) for Holding (Minor) at 5:50, Madison Bowey (TEX) for High sticking (Minor) at 9:06

2nd period

3. EDMONTON ICE , Jeff Petry 1 (Ondrej Kase 1, Shea Theodore 2) at 4:32
4. EDMONTON ICE , Timo Meier 4 (Anthony Mantha 6, Joel Eriksson Ek 2) at 9:56
5. EDMONTON ICE , Joel Eriksson Ek 1 (Timo Meier 6, Ondrej Kase 2) at 14:35 (PP)

Penalties :
John Quenneville (TEX) for Charging (Minor) at 7:08, Madison Bowey (TEX) for Holding (Minor) at 14:16, Jack Johnson (EDM) for Roughing (Minor) at 14:53

3rd period

6. TEXAS TOROS , Jake Virtanen 5 (Nazem Kadri 4, Tyson Barrie 6) at 16:50 (PP)

Penalties :
Dante Fabbro (TEX) for Tripping (Minor) at 5:10, Dale Weise (TEX) for Hooking (Minor) at 11:09, Timo Meier (EDM) for Interference (Minor) at 15:36, David Savard (TEX) for Hooking (Minor) at 18:00

Goalie Stats

Philipp Grubauer (EDM), 21 saves from 22 shots - (0,955), W, 2-1-1, 60:00 minutes
Cory Schneider (TEX), 20 saves from 24 shots - (0,833), L, 0-4-0, 29:56 minutes
Mikko Koskinen (TEX), 13 saves from 14 shots - (0,929), 30:04 minutes

Players Stats for EDMONTON ICE

Player Name              G  A  P  +/- PIM S  H  SB GA TA FO     MP     PP MP  PK MP  
------------------------------------------------------------------------------------
Anthony Mantha           0  2  2   2  0   6  0  0  0  0  0/3    15:07   0:00   0:00 
Boone Jenner             0  0  0   1  0   3  1  0  0  0  2/7    14:35   0:00   3:31 
Brendan Perlini          0  0  0   0  0   0  0  0  0  0  0/0     0:00   0:00   0:00 
Calvin De Haan           0  0  0   0  0   0  2  1  0  0  0/0    19:29   0:00   2:56 
Colton Parayko           0  0  0   0  2   2  1  3  0  0  0/0    21:17   4:58   1:41 
Ivan Barbashev           0  0  0   0  0   0  0  0  0  0  1/2     1:37   0:00   0:00 
Jack Johnson             0  0  0   1  2   1  1  1  0  0  0/0    12:29   0:00   1:16 
Jaden Schwartz           1  0  1   1  0   3  0  0  0  0  0/1    22:51   6:02   0:00 
Jeff Petry               1  0  1   3  0   2  1  1  0  0  0/0    23:57   5:16   0:00 
Joel Eriksson Ek         1  1  2   2  0   1  2  0  0  0  15/23  19:16   4:12   0:00 
Markus Nutivaara         0  0  0   1  0   0  0  0  0  0  0/0    18:05   4:58   1:53 
Mathieu Perreault        0  0  0   0  0   0  1  0  0  0  0/0     3:18   0:00   1:41 
Mikko Koivu              0  0  0   1  0   2  0  0  0  0  8/11   12:45   0:00   1:41 
Ondrej Kase              0  2  2   1  0   4  0  0  0  0  0/1    20:21   4:12   3:31 
Patric Hornqvist         0  1  1   1  0   2  0  0  0  0  0/1    22:51   6:02   0:00 
Ryan O'Reilly            0  1  1   1  0   5  0  0  0  0  21/31  22:51   6:02   0:00 
Shea Theodore            0  1  1   3  0   1  0  1  0  0  0/0    24:41   5:16   2:38 
Timo Meier               2  1  3   2  2   6  1  0  0  0  0/0    19:15   4:12   0:00 

Players Stats for TEXAS TOROS

Player Name              G  A  P  +/- PIM S  H  SB GA TA FO     MP     PP MP  PK MP  
------------------------------------------------------------------------------------
Aaron Ekblad             0  0  0   0  0   2  2  3  0  0  0/0    25:22   2:57   5:58 
Barrett Hayton           0  0  0  -2  0   1  0  1  0  0  6/16   13:05   0:00   0:00 
Brock McGinn             0  0  0  -2  0   1  0  0  0  0  0/0    13:05   0:00   0:00 
Conor Sheary             0  0  0  -1  0   3  0  0  0  0  0/0    14:15   2:29   0:00 
Dale Weise               0  0  0  -2  2   0  3  0  0  0  0/0    13:04   0:00   0:00 
Dante Fabbro             0  0  0  -2  2   0  3  2  0  0  0/0    18:58   0:00   4:29 
David Savard             0  0  0   0  2   1  1  1  0  0  0/0    21:56   2:57   4:44 
Jake Virtanen            1  0  1   0  0   2  1  0  0  0  1/5    18:17   2:43   3:22 
John Quenneville         0  0  0  -1  2   0  0  0  0  0  3/5     7:30   0:00   0:00 
Justin Abdelkader        0  0  0   0  0   1  0  0  0  0  2/2    18:17   2:43   3:22 
Madison Bowey            0  0  0  -2  4   1  1  1  0  0  0/0    18:53   2:15   0:52 
Nazem Kadri              0  1  1   0  0   3  0  0  0  0  18/35  21:32   2:43   6:37 
Nick Cousins             0  0  0  -1  0   3  4  1  0  0  0/3    14:15   2:29   0:00 
Sven Baertschi           0  0  0  -1  0   1  0  0  0  0  0/3     7:58   0:00   0:27 
Tyson Barrie             0  1  1  -2  0   1  1  2  0  0  0/0    20:02   2:15   4:10 
Valtteri Filppula        0  0  0  -1  0   1  0  0  0  0  3/11   20:55   2:29   6:40 
Vince Dunn               0  0  0  -2  0   1  0  0  0  0  0/0    14:45   0:00   0:15 
Zach Senyshyn            0  0  0  -1  0   0  0  0  0  0  0/0     7:31   0:00   0:00 

3 Stars

1 - Timo Meier (EDM)
2 - Joel Eriksson Ek (EDM)
3 - Jeff Petry (EDM)

Power Play

EDMONTON ICE - 1 on 6 Attempt(s) - 16,67%
TEXAS TOROS - 1 on 3 Attempt(s) - 33,33%

Penalty Kill

EDMONTON ICE - 2 on 3 Attempt(s) - 66,67% - Score 0 goal in Penalty Kill
TEXAS TOROS - 5 on 6 Attempt(s) - 83,33% - Score 0 goal in Penalty Kill

Team Stat

EDMONTON ICE - Hits : 10 - Faceoff Wins : 47 - Blocked Shots : 7 - Penalty Minutes : 6
TEXAS TOROS - Hits : 16 - Faceoff Wins : 33 - Blocked Shots : 11 - Penalty Minutes : 12

Official

Referees : Tim Mayer and Jake Brenk
Linesman : Shandor Alphonso and Brian Mach

Game Notes

Mikko Koskinen enters game at 9:56 of 2nd period

Finance

Level 1 -- Attendance: 5962 (91,72%) -- Ticket Income 608 124 $
Level 2 -- Attendance: 5500 (100,00%) -- Ticket Income 357 500 $
Level 3 -- Attendance: 2747 (91,57%) -- Ticket Income 101 639 $
Level 4 -- Attendance: 4959 (99,18%) -- Ticket Income 123 975 $
Luxury Box -- Attendance: 1000 (100,00%) -- Ticket Income 210 000 $
Game was played at the Red Bull Arena.
Total Attendance: 20168 (96,04%)
Total Ticket Income: 1 401 238 $
Other Income: 490 433 $
Total Income: 1 891 671 $

EDMONTON ICE

5 vs 5 Forward 
   Center                   Left Wing                Right Wing               Time % Phy DF OF 
 1 Ryan O'Reilly            Jaden Schwartz           Patric Hornqvist         37     0   2  3  
 2 Joel Eriksson Ek         Timo Meier               Anthony Mantha           34     0   2  3  
 3 Mikko Koivu              Boone Jenner             Ondrej Kase              23     1   2  2  
 4 Ivan Barbashev           Mathieu Perreault        Ondrej Kase              6      0   4  1  

5 vs 5 Defense 
   Defense                  Defense                                           Time % Phy DF OF 
 1 Jeff Petry               Shea Theodore                                     37     0   3  2  
 2 Calvin De Haan           Colton Parayko                                    33     0   3  2  
 3 Jack Johnson             Markus Nutivaara                                  23     0   4  1  
 4 Jeff Petry               Calvin De Haan                                    7      0   3  2  

PowerPlay Forward 
   Center                   Left Wing                Right Wing               Time % Phy DF OF 
 1 Ryan O'Reilly            Jaden Schwartz           Patric Hornqvist         57     0   1  4  
 2 Joel Eriksson Ek         Timo Meier               Ondrej Kase              43     0   1  4  

PowerPlay Defense
   Defense                  Defense                                           Time % Phy DF OF 
 1 Jeff Petry               Shea Theodore                                     57     0   1  4  
 2 Markus Nutivaara         Colton Parayko                                    43     0   1  4  

Penalty Kill 4 Players Forward 
   Center                   Wing                     Time % Phy DF OF 
 1 Boone Jenner             Ondrej Kase              57     0   4  1  
 2 Mikko Koivu              Mathieu Perreault        43     0   4  1  

Penalty Kill 4 Players Defense
   Defense                  Defense                  Time % Phy DF OF 
 1 Calvin De Haan           Colton Parayko           57     0   4  1  
 2 Jack Johnson             Shea Theodore            43     0   4  1  

Penalty Kill - 3 Players Forward 
   Forward                                           Time % Phy DF OF 
 1 Boone Jenner                                      55     0   5  0  
 2 Mikko Koivu                                       45     0   5  0  

Penalty Kill - 3 Players Defense
   Defense                  Defense                  Time % Phy DF OF 
 1 Calvin De Haan           Colton Parayko           55     0   5  0  
 2 Jack Johnson             Jeff Petry               45     0   5  0  

4 vs 4 Forward 
   Center                   Wing                     Time % Phy DF OF 
 1 Ryan O'Reilly            Timo Meier               55     1   2  2  
 2 Mikko Koivu              Jaden Schwartz           45     1   2  2  

4 vs 4 Defense
   Defense                  Defense                  Time % Phy DF OF 
 1 Jeff Petry               Colton Parayko           55     1   2  2  
 2 Jack Johnson             Markus Nutivaara         45     1   2  2  

Last Minutes Offensive
   Center                   Left Wing                Right Wing               Defense                  Defense                  
   Ryan O'Reilly            Jaden Schwartz           Anthony Mantha           Jeff Petry               Shea Theodore            

Last Minutes Defensive
   Center                   Left Wing                Right Wing               Defense                  Defense                  
   Boone Jenner             Ondrej Kase              Timo Meier               Calvin De Haan           Colton Parayko           

Goaltenders
Starting : Philipp Grubauer         
Backup : Jake Allen               

Extra Forwards
Normal : Timo Meier, Joel Eriksson Ek, Ondrej Kase - PP : Ondrej Kase, Mikko Koivu - PK : Ryan O'Reilly
Extra Defensemen
Normal : Shea Theodore, Colton Parayko, Jeff Petry - PP : Jack Johnson - PK : Shea Theodore, Markus Nutivaara
Penalty Shots
Ryan O'Reilly, Anthony Mantha, Jaden Schwartz, Timo Meier, Patric Hornqvist
Custom OT Lines Forwards
Ryan O'Reilly, Anthony Mantha, Jaden Schwartz, Timo Meier, Joel Eriksson Ek, Ondrej Kase, Mikko Koivu, Boone Jenner, Patric Hornqvist, Ivan Barbashev
Custom OT Lines Defensemen
Jeff Petry, Colton Parayko, Shea Theodore, Jack Johnson, Markus Nutivaara

Scratches
None

TEXAS TOROS

5 vs 5 Forward 
   Center                   Left Wing                Right Wing               Time % Phy DF OF 
 1 Nazem Kadri              Justin Abdelkader        Jake Virtanen            36     1   2  2  
 2 Valtteri Filppula        Conor Sheary             Nick Cousins             31     1   2  2  
 3 Barrett Hayton           Brock McGinn             Dale Weise               23     1   2  2  
 4 John Quenneville         Sven Baertschi           Zach Senyshyn            10     1   2  2  

5 vs 5 Defense 
   Defense                  Defense                                           Time % Phy DF OF 
 1 Aaron Ekblad             David Savard                                      36     1   2  2  
 2 Tyson Barrie             Madison Bowey                                     31     1   2  2  
 3 Dante Fabbro             Vince Dunn                                        23     1   2  2  
 4 Madison Bowey            Aaron Ekblad                                      10     1   2  2  

PowerPlay Forward 
   Center                   Left Wing                Right Wing               Time % Phy DF OF 
 1 Nazem Kadri              Justin Abdelkader        Jake Virtanen            55     1   1  3  
 2 Valtteri Filppula        Conor Sheary             Nick Cousins             45     1   1  3  

PowerPlay Defense
   Defense                  Defense                                           Time % Phy DF OF 
 1 Aaron Ekblad             David Savard                                      55     1   1  3  
 2 Tyson Barrie             Madison Bowey                                     45     1   1  3  

Penalty Kill 4 Players Forward 
   Center                   Wing                     Time % Phy DF OF 
 1 Nazem Kadri              Valtteri Filppula        55     1   2  2  
 2 Jake Virtanen            Justin Abdelkader        45     1   2  2  

Penalty Kill 4 Players Defense
   Defense                  Defense                  Time % Phy DF OF 
 1 Aaron Ekblad             David Savard             55     1   2  2  
 2 Tyson Barrie             Dante Fabbro             45     1   2  2  

Penalty Kill - 3 Players Forward 
   Forward                                           Time % Phy DF OF 
 1 Nazem Kadri                                       55     1   2  2  
 2 Valtteri Filppula                                 45     1   2  2  

Penalty Kill - 3 Players Defense
   Defense                  Defense                  Time % Phy DF OF 
 1 Dante Fabbro             David Savard             55     1   2  2  
 2 Tyson Barrie             Aaron Ekblad             45     1   2  2  

4 vs 4 Forward 
   Center                   Wing                     Time % Phy DF OF 
 1 Nazem Kadri              Valtteri Filppula        55     1   2  2  
 2 Jake Virtanen            Justin Abdelkader        45     1   2  2  

4 vs 4 Defense
   Defense                  Defense                  Time % Phy DF OF 
 1 Madison Bowey            David Savard             55     1   2  2  
 2 Tyson Barrie             Aaron Ekblad             45     1   2  2  

Last Minutes Offensive
   Center                   Left Wing                Right Wing               Defense                  Defense                  
   Nazem Kadri              Justin Abdelkader        Jake Virtanen            Aaron Ekblad             David Savard             

Last Minutes Defensive
   Center                   Left Wing                Right Wing               Defense                  Defense                  
   Nazem Kadri              Justin Abdelkader        Jake Virtanen            Aaron Ekblad             David Savard             

Goaltenders
Starting : Cory Schneider           
Backup : Mikko Koskinen           

Extra Forwards
Normal : Brock McGinn, Dale Weise, Sven Baertschi - PP : Brock McGinn, Dale Weise - PK : Sven Baertschi
Extra Defensemen
Normal : Madison Bowey, David Savard, Dante Fabbro - PP : Madison Bowey - PK : David Savard, Dante Fabbro
Penalty Shots
Nazem Kadri, Valtteri Filppula, Jake Virtanen, Justin Abdelkader, Conor Sheary
Custom OT Lines Forwards
Nazem Kadri, Valtteri Filppula, Jake Virtanen, Justin Abdelkader, Conor Sheary, Nick Cousins, Brock McGinn, Dale Weise, Sven Baertschi, Barrett Hayton
Custom OT Lines Defensemen
Aaron Ekblad, David Savard, Tyson Barrie, Dante Fabbro, Madison Bowey

Scratches
Braydon Coburn (Healthy), Dmitry Kulikov (Healthy)

% Time on Ice - EDMONTON ICE

Lines # - Real PCT - Wanted PCT - Time Play
Normal Forward
1 - 38% - 37% - 16:49
2 - 34% - 34% - 15:04
3 - 25% - 23% - 11:04
4 - 4% - 6% - 1:37
Normal Defense
1 - 38% - 37% - 16:47
2 - 33% - 33% - 14:39
3 - 25% - 23% - 11:14
4 - 4% - 7% - 1:54
PP Forward
1 - 59% - 57% - 6:02
2 - 41% - 43% - 4:12
PP Defense
1 - 51% - 57% - 5:16
2 - 49% - 43% - 4:58
PK Forward
1 - 68% - 57% - 3:31
2 - 32% - 43% - 1:41
PK Defense
1 - 56% - 57% - 2:56
2 - 44% - 43% - 2:16
PK3 Forward
1 - 0% - 55%
2 - 0% - 45%
PK3 Defense
1 - 0% - 55%
2 - 0% - 45%
44 Forward
1 - 0% - 55%
2 - 0% - 45%
44 Defense
1 - 0% - 55%
2 - 0% - 45%
Last Minute Offensive  - 0:00
Last Minute Defensive  - 0:00
Total
Forward - 60:00
Defense - 60:00

% Time on Ice - TEXAS TOROS

Lines # - Real PCT - Wanted PCT - Time Play
Normal Forward
1 - 27% - 36% - 12:12
2 - 26% - 31% - 11:46
3 - 29% - 23% - 13:05
4 - 17% - 10% - 7:31
Normal Defense
1 - 32% - 36% - 14:16
2 - 31% - 31% - 13:37
3 - 33% - 23% - 14:30
4 - 5% - 10% - 2:11
PP Forward
1 - 52% - 55% - 2:43
2 - 48% - 45% - 2:29
PP Defense
1 - 57% - 55% - 2:57
2 - 43% - 45% - 2:15
PK Forward
1 - 67% - 55% - 6:52
2 - 33% - 45% - 3:22
PK Defense
1 - 59% - 55% - 6:04
2 - 41% - 45% - 4:10
PK3 Forward
1 - 0% - 55%
2 - 0% - 45%
PK3 Defense
1 - 0% - 55%
2 - 0% - 45%
44 Forward
1 - 0% - 55%
2 - 0% - 45%
44 Defense
1 - 0% - 55%
2 - 0% - 45%
Last Minute Offensive  - 0:00
Last Minute Defensive  - 0:00
Total
Forward - 60:00
Defense - 60:00

Play-by-Play

1st period


0:01 of 1st period - Nazem Kadri wins face-off versus Ryan O'Reilly in neutral zone.
0:14 of 1st period - Shot by Justin Abdelkader.
0:14 of 1st period - Stopped by Philipp Grubauer without a rebound.
0:15 of 1st period - Valtteri Filppula wins face-off versus Joel Eriksson Ek in EDMONTON ICE zone.
0:49 of 1st period - Shot by Timo Meier.
0:49 of 1st period - Shot Misses the Net.
0:51 of 1st period - Shot by Anthony Mantha.
0:51 of 1st period - Shot Misses the Net.
1:44 of 1st period - Off-side.
1:45 of 1st period - Justin Abdelkader wins face-off versus Ryan O'Reilly in neutral zone.
2:56 of 1st period - Icing by Jack Johnson.
2:57 of 1st period - Mikko Koivu wins face-off versus John Quenneville in EDMONTON ICE zone.
3:08 of 1st period - Shot by Mikko Koivu.
3:08 of 1st period - Stopped by Cory Schneider with a rebound.
3:52 of 1st period - Shot by Anthony Mantha.
3:52 of 1st period - Stopped by Cory Schneider without a rebound.
3:53 of 1st period - Ryan O'Reilly wins face-off versus Barrett Hayton in TEXAS TOROS zone.
3:58 of 1st period - Shot by Patric Hornqvist.
3:58 of 1st period - Shot Blocked by Tyson Barrie.
4:00 of 1st period - Shot by Jaden Schwartz.
4:00 of 1st period - Goal by Jaden Schwartz - EDMONTON ICE : 1 - TEXAS TOROS : 0.
4:01 of 1st period - Ryan O'Reilly wins face-off versus Valtteri Filppula in neutral zone.
4:31 of 1st period - Shot by Jaden Schwartz.
4:31 of 1st period - Shot Blocked by Aaron Ekblad.
5:47 of 1st period - Shot by Timo Meier.
5:47 of 1st period - Goal by Timo Meier - EDMONTON ICE : 2 - TEXAS TOROS : 0.
5:48 of 1st period - Nazem Kadri wins face-off versus Joel Eriksson Ek in neutral zone.
5:50 of 1st period - Minor Penalty to Colton Parayko for Holding.
5:51 of 1st period - Nazem Kadri wins face-off versus Boone Jenner in EDMONTON ICE zone.
5:54 of 1st period - Shot by Nazem Kadri.
5:54 of 1st period - Deflect By Jake Virtanen.
5:54 of 1st period - Stopped by Philipp Grubauer without a rebound.
5:55 of 1st period - Nazem Kadri wins face-off versus Ondrej Kase in EDMONTON ICE zone.
6:04 of 1st period - Shot by Nazem Kadri.
6:04 of 1st period - Shot Misses the Net.
6:06 of 1st period - Shot by David Savard.
6:06 of 1st period - Shot Blocked by Shea Theodore.
6:30 of 1st period - Shot by Aaron Ekblad.
6:30 of 1st period - Shot Misses the Net.
6:32 of 1st period - Shot by Justin Abdelkader.
6:32 of 1st period - Shot Blocked by Jack Johnson.
6:53 of 1st period - Icing by Tyson Barrie.
6:54 of 1st period - Valtteri Filppula wins face-off versus Boone Jenner in TEXAS TOROS zone.
7:52 of 1st period - Off-side.
7:53 of 1st period - John Quenneville wins face-off versus Anthony Mantha in neutral zone.
8:29 of 1st period - Shot by Anthony Mantha.
8:29 of 1st period - Stopped by Cory Schneider without a rebound.
8:30 of 1st period - Ryan O'Reilly wins face-off versus Barrett Hayton in TEXAS TOROS zone.
8:30 of 1st period - Jaden Schwartz is hit by David Savard and loses puck.
8:33 of 1st period - Shot by Jaden Schwartz.
8:33 of 1st period - Shot Blocked by David Savard.
8:41 of 1st period - Shot by Ryan O'Reilly.
8:41 of 1st period - Stopped by Cory Schneider without a rebound.
8:42 of 1st period - Nazem Kadri wins face-off versus Mikko Koivu in TEXAS TOROS zone.
8:55 of 1st period - Shot by Boone Jenner.
8:55 of 1st period - Stopped by Cory Schneider with a rebound.
8:57 of 1st period - Shot by Boone Jenner.
8:57 of 1st period - Shot Misses the Net.
9:06 of 1st period - Minor Penalty to Madison Bowey for High sticking.
9:07 of 1st period - Ryan O'Reilly wins face-off versus Nazem Kadri in TEXAS TOROS zone.
9:54 of 1st period - Shot by Ryan O'Reilly.
9:54 of 1st period - Shot Misses the Net.
10:12 of 1st period - Shot by Timo Meier.
10:12 of 1st period - Shot Misses the Net.
10:14 of 1st period - Shot by Colton Parayko.
10:14 of 1st period - Shot Misses the Net.
10:16 of 1st period - Shot by Timo Meier.
10:16 of 1st period - Shot Blocked by Dante Fabbro.
10:18 of 1st period - Shot by Timo Meier.
10:18 of 1st period - Shot Misses the Net.
10:20 of 1st period - Shot by Timo Meier.
10:20 of 1st period - Shot Misses the Net.
10:22 of 1st period - Shot by Ondrej Kase.
10:22 of 1st period - Stopped by Cory Schneider without a rebound.
10:23 of 1st period - Joel Eriksson Ek wins face-off versus Jake Virtanen in TEXAS TOROS zone.
11:06 of 1st period - David Savard is hit by Boone Jenner.
11:11 of 1st period - Off-side.
11:12 of 1st period - Barrett Hayton wins face-off versus Patric Hornqvist in neutral zone.
11:17 of 1st period - Shea Theodore is hit by Dale Weise.
11:49 of 1st period - Shot by Ryan O'Reilly.
11:49 of 1st period - Shot Blocked by Aaron Ekblad.
12:27 of 1st period - Shot by Conor Sheary.
12:27 of 1st period - Stopped by Philipp Grubauer without a rebound.
12:28 of 1st period - Joel Eriksson Ek wins face-off versus Nazem Kadri in EDMONTON ICE zone.
12:44 of 1st period - Jake Virtanen is hit by Jack Johnson and loses puck.
13:39 of 1st period - Shot by Nick Cousins.
13:39 of 1st period - Shot Blocked by Jeff Petry.
13:41 of 1st period - Shot by Vince Dunn.
13:41 of 1st period - Stopped by Philipp Grubauer without a rebound.
13:42 of 1st period - Mikko Koivu wins face-off versus Sven Baertschi in EDMONTON ICE zone.
14:56 of 1st period - Icing by Aaron Ekblad.
14:57 of 1st period - Joel Eriksson Ek wins face-off versus Sven Baertschi in TEXAS TOROS zone.
15:25 of 1st period - Shot by Anthony Mantha.
15:25 of 1st period - Deflect By Timo Meier.
15:25 of 1st period - Stopped by Cory Schneider without a rebound.
15:26 of 1st period - Nazem Kadri wins face-off versus Jaden Schwartz in TEXAS TOROS zone.
15:28 of 1st period - Icing by Jake Virtanen.
15:29 of 1st period - Ryan O'Reilly wins face-off versus Nazem Kadri in TEXAS TOROS zone.
15:32 of 1st period - Shot by Ryan O'Reilly.
15:32 of 1st period - Stopped by Cory Schneider without a rebound.
15:33 of 1st period - Ryan O'Reilly wins face-off versus Nazem Kadri in TEXAS TOROS zone.
15:34 of 1st period - Shot by Patric Hornqvist.
15:34 of 1st period - Stopped by Cory Schneider without a rebound.
15:35 of 1st period - Nazem Kadri wins face-off versus Joel Eriksson Ek in TEXAS TOROS zone.
17:38 of 1st period - Shot by Boone Jenner.
17:38 of 1st period - Shot Misses the Net.
17:40 of 1st period - Shot by Jack Johnson.
17:40 of 1st period - Stopped by Cory Schneider without a rebound.
17:41 of 1st period - Barrett Hayton wins face-off versus Ivan Barbashev in TEXAS TOROS zone.
18:11 of 1st period - Icing by Aaron Ekblad.
18:12 of 1st period - Barrett Hayton wins face-off versus Joel Eriksson Ek in TEXAS TOROS zone.
18:17 of 1st period - Shea Theodore is hit by Dale Weise and loses puck.
19:40 of 1st period - Shot by Conor Sheary.
19:40 of 1st period - Shot Misses the Net.
Goals for this period are 2 for EDMONTON ICE vs 0 for TEXAS TOROS.
Shots for this period are 12 for EDMONTON ICE vs 4 for TEXAS TOROS.

2nd period


0:01 of 2nd period - Ryan O'Reilly wins face-off versus Nazem Kadri in neutral zone.
0:38 of 2nd period - Shot by Ryan O'Reilly.
0:38 of 2nd period - Shot Misses the Net.
0:40 of 2nd period - Shot by Colton Parayko.
0:40 of 2nd period - Stopped by Cory Schneider with a rebound.
1:10 of 2nd period - Shot by Ondrej Kase.
1:10 of 2nd period - Shot Blocked by Aaron Ekblad.
1:12 of 2nd period - Shot by Boone Jenner.
1:12 of 2nd period - Stopped by Cory Schneider without a rebound.
1:13 of 2nd period - Joel Eriksson Ek wins face-off versus Nick Cousins in TEXAS TOROS zone.
1:16 of 2nd period - Shot by Timo Meier.
1:16 of 2nd period - Stopped by Cory Schneider with a rebound.
1:40 of 2nd period - Shot by Anthony Mantha.
1:40 of 2nd period - Stopped by Cory Schneider with a rebound.
2:33 of 2nd period - Icing by Dante Fabbro.
2:34 of 2nd period - Ryan O'Reilly wins face-off versus Barrett Hayton in TEXAS TOROS zone.
2:35 of 2nd period - Shot by Jaden Schwartz.
2:35 of 2nd period - Stopped by Cory Schneider without a rebound.
2:36 of 2nd period - John Quenneville wins face-off versus Ryan O'Reilly in TEXAS TOROS zone.
2:51 of 2nd period - Shot by Sven Baertschi.
2:51 of 2nd period - Stopped by Philipp Grubauer with a rebound.
3:30 of 2nd period - Shot by Barrett Hayton.
3:30 of 2nd period - Shot Misses the Net.
3:32 of 2nd period - Shot by Barrett Hayton.
3:32 of 2nd period - Shot Blocked by Colton Parayko.
3:34 of 2nd period - Shot by Barrett Hayton.
3:34 of 2nd period - Stopped by Philipp Grubauer without a rebound.
3:35 of 2nd period - Joel Eriksson Ek wins face-off versus Jake Virtanen in EDMONTON ICE zone.
3:35 of 2nd period - Joel Eriksson Ek is hit by Jake Virtanen.
3:45 of 2nd period - Shot by Timo Meier.
3:45 of 2nd period - Deflect By Anthony Mantha.
3:45 of 2nd period - Stopped by Cory Schneider without a rebound.
3:46 of 2nd period - Mikko Koivu wins face-off versus Valtteri Filppula in TEXAS TOROS zone.
4:05 of 2nd period - Shot by Valtteri Filppula.
4:05 of 2nd period - Shot Misses the Net.
4:11 of 2nd period - Ondrej Kase is hit by Nick Cousins and loses puck.
4:20 of 2nd period - Shot by Shea Theodore.
4:20 of 2nd period - Shot Blocked by Tyson Barrie.
4:24 of 2nd period - Shot by Ondrej Kase.
4:24 of 2nd period - Shot Blocked by Madison Bowey.
4:26 of 2nd period - Shot by Ondrej Kase.
4:26 of 2nd period - Stopped by Cory Schneider with a rebound.
4:28 of 2nd period - Shot by Ondrej Kase.
4:28 of 2nd period - Shot Misses the Net.
4:30 of 2nd period - Shot by Ondrej Kase.
4:30 of 2nd period - Shot Misses the Net.
4:32 of 2nd period - Shot by Jeff Petry.
4:32 of 2nd period - Goal by Jeff Petry - EDMONTON ICE : 3 - TEXAS TOROS : 0.
4:33 of 2nd period - Nazem Kadri wins face-off versus Joel Eriksson Ek in neutral zone.
4:49 of 2nd period - Icing by David Savard.
4:50 of 2nd period - Ryan O'Reilly wins face-off versus Nazem Kadri in TEXAS TOROS zone.
5:14 of 2nd period - Jake Virtanen is hit by Calvin De Haan and loses puck.
5:56 of 2nd period - Icing by Jeff Petry.
5:57 of 2nd period - Joel Eriksson Ek wins face-off versus Valtteri Filppula in EDMONTON ICE zone.
6:16 of 2nd period - Shot by Timo Meier.
6:16 of 2nd period - Stopped by Cory Schneider with a rebound.
6:22 of 2nd period - Joel Eriksson Ek is hit by Nick Cousins.
7:08 of 2nd period - Minor Penalty to John Quenneville for Charging.
7:09 of 2nd period - Ryan O'Reilly wins face-off versus Nazem Kadri in TEXAS TOROS zone.
7:14 of 2nd period - Shot by Patric Hornqvist.
7:14 of 2nd period - Shot Misses the Net.
7:16 of 2nd period - Shot by Colton Parayko.
7:16 of 2nd period - Stopped by Cory Schneider without a rebound.
7:17 of 2nd period - Ryan O'Reilly wins face-off versus Nazem Kadri in TEXAS TOROS zone.
8:26 of 2nd period - Tyson Barrie is hit by Joel Eriksson Ek and loses puck.
8:59 of 2nd period - Shot by Shea Theodore.
8:59 of 2nd period - Stopped by Cory Schneider without a rebound.
9:00 of 2nd period - Ryan O'Reilly wins face-off versus Nazem Kadri in TEXAS TOROS zone.
9:11 of 2nd period - Calvin De Haan is hit by Dale Weise and loses puck.
9:31 of 2nd period - Off-side.
9:32 of 2nd period - Joel Eriksson Ek wins face-off versus John Quenneville in neutral zone.
9:56 of 2nd period - Shot by Timo Meier.
9:56 of 2nd period - Goal by Timo Meier - EDMONTON ICE : 4 - TEXAS TOROS : 0.
9:56 of 2nd period - Mikko Koskinen enters game.
9:57 of 2nd period - Ryan O'Reilly wins face-off versus Valtteri Filppula in neutral zone.
10:19 of 2nd period - Shot by Patric Hornqvist.
10:19 of 2nd period - Shot Misses the Net.
10:21 of 2nd period - Shot by Jeff Petry.
10:21 of 2nd period - Stopped by Mikko Koskinen with a rebound.
10:23 of 2nd period - Shot by Patric Hornqvist.
10:23 of 2nd period - Shot Blocked by Nick Cousins.
10:25 of 2nd period - Shot by Ryan O'Reilly.
10:25 of 2nd period - Stopped by Mikko Koskinen with a rebound.
10:29 of 2nd period - Shot by Ryan O'Reilly.
10:29 of 2nd period - Shot Misses the Net.
10:33 of 2nd period - Shot by Ryan O'Reilly.
10:33 of 2nd period - Shot Misses the Net.
10:35 of 2nd period - Shot by Jaden Schwartz.
10:35 of 2nd period - Stopped by Mikko Koskinen without a rebound.
10:36 of 2nd period - Mikko Koivu wins face-off versus Nazem Kadri in TEXAS TOROS zone.
10:37 of 2nd period - Shot by Ondrej Kase.
10:37 of 2nd period - Stopped by Mikko Koskinen without a rebound.
10:38 of 2nd period - Joel Eriksson Ek wins face-off versus Nazem Kadri in TEXAS TOROS zone.
10:59 of 2nd period - Shot by Nazem Kadri.
10:59 of 2nd period - Shot Blocked by Calvin De Haan.
11:12 of 2nd period - Jake Virtanen is hit by Colton Parayko and loses puck.
11:16 of 2nd period - Jake Virtanen is hit by Calvin De Haan and loses puck.
12:09 of 2nd period - Icing by Shea Theodore.
12:10 of 2nd period - Ryan O'Reilly wins face-off versus Valtteri Filppula in EDMONTON ICE zone.
12:10 of 2nd period - Ryan O'Reilly is hit by Nick Cousins.
12:30 of 2nd period - Shot by Patric Hornqvist.
12:30 of 2nd period - Shot Misses the Net.
13:59 of 2nd period - Shot by Tyson Barrie.
13:59 of 2nd period - Stopped by Philipp Grubauer without a rebound.
14:00 of 2nd period - Ryan O'Reilly wins face-off versus Barrett Hayton in EDMONTON ICE zone.
14:06 of 2nd period - Ryan O'Reilly is hit by Madison Bowey and loses puck.
14:10 of 2nd period - Ryan O'Reilly is hit by Tyson Barrie and loses puck.
14:16 of 2nd period - Minor Penalty to Madison Bowey for Holding.
14:17 of 2nd period - Joel Eriksson Ek wins face-off versus Nazem Kadri in TEXAS TOROS zone.
14:31 of 2nd period - Shot by Timo Meier.
14:31 of 2nd period - Shot Misses the Net.
14:33 of 2nd period - Shot by Ondrej Kase.
14:33 of 2nd period - Deflect By Timo Meier.
14:33 of 2nd period - Shot Misses the Net.
14:35 of 2nd period - Shot by Joel Eriksson Ek.
14:35 of 2nd period - Goal by Joel Eriksson Ek - EDMONTON ICE : 5 - TEXAS TOROS : 0.
14:36 of 2nd period - Ryan O'Reilly wins face-off versus Barrett Hayton in neutral zone.
14:48 of 2nd period - Off-side.
14:49 of 2nd period - Nazem Kadri wins face-off versus Joel Eriksson Ek in neutral zone.
14:53 of 2nd period - Minor Penalty to Jack Johnson for Roughing.
14:54 of 2nd period - Justin Abdelkader wins face-off versus Boone Jenner in EDMONTON ICE zone.
16:05 of 2nd period - Shot by Conor Sheary.
16:05 of 2nd period - Deflect By Nick Cousins.
16:05 of 2nd period - Stopped by Philipp Grubauer without a rebound.
16:06 of 2nd period - Boone Jenner wins face-off versus Nick Cousins in EDMONTON ICE zone.
16:23 of 2nd period - Shot by Conor Sheary.
16:23 of 2nd period - Stopped by Philipp Grubauer with a rebound.
16:27 of 2nd period - Shot by Tyson Barrie.
16:27 of 2nd period - Shot Hit the Post.
16:29 of 2nd period - Shot by Valtteri Filppula.
16:29 of 2nd period - Stopped by Philipp Grubauer with a rebound.
16:31 of 2nd period - Shot by Madison Bowey.
16:31 of 2nd period - Stopped by Philipp Grubauer without a rebound.
16:32 of 2nd period - Nazem Kadri wins face-off versus Mikko Koivu in EDMONTON ICE zone.
16:44 of 2nd period - Shot by Jake Virtanen.
16:44 of 2nd period - Deflect By Nazem Kadri.
16:44 of 2nd period - Stopped by Philipp Grubauer without a rebound.
16:45 of 2nd period - Nazem Kadri wins face-off versus Boone Jenner in EDMONTON ICE zone.
16:50 of 2nd period - Shot by Aaron Ekblad.
16:50 of 2nd period - Shot Misses the Net.
16:52 of 2nd period - Shot by David Savard.
16:52 of 2nd period - Stopped by Philipp Grubauer with a rebound.
17:27 of 2nd period - Shot by Patric Hornqvist.
17:27 of 2nd period - Stopped by Mikko Koskinen with a rebound.
17:35 of 2nd period - Shot by Patric Hornqvist.
17:35 of 2nd period - Shot Misses the Net.
17:51 of 2nd period - Shot by Conor Sheary.
17:51 of 2nd period - Stopped by Philipp Grubauer without a rebound.
17:52 of 2nd period - Nazem Kadri wins face-off versus Anthony Mantha in EDMONTON ICE zone.
18:00 of 2nd period - Nazem Kadri is hit by Jeff Petry and loses puck.
18:07 of 2nd period - Nazem Kadri is hit by Joel Eriksson Ek and loses puck.
18:27 of 2nd period - Off-side.
18:28 of 2nd period - Mikko Koivu wins face-off versus Valtteri Filppula in neutral zone.
18:28 of 2nd period - Mikko Koivu is hit by Nick Cousins.
18:32 of 2nd period - Shot by Ondrej Kase.
18:32 of 2nd period - Deflect By Boone Jenner.
18:32 of 2nd period - Stopped by Mikko Koskinen without a rebound.
18:33 of 2nd period - Mikko Koivu wins face-off versus Nick Cousins in TEXAS TOROS zone.
18:42 of 2nd period - Shot by Boone Jenner.
18:42 of 2nd period - Shot Misses the Net.
19:00 of 2nd period - Shot by Mikko Koivu.
19:00 of 2nd period - Stopped by Mikko Koskinen without a rebound.
19:01 of 2nd period - Ryan O'Reilly wins face-off versus Nazem Kadri in TEXAS TOROS zone.
19:01 of 2nd period - Jaden Schwartz is hit by Aaron Ekblad and loses puck.
19:12 of 2nd period - Shot by Nazem Kadri.
19:12 of 2nd period - Stopped by Philipp Grubauer with a rebound.
19:26 of 2nd period - Shot by Nazem Kadri.
19:26 of 2nd period - Deflect By Jake Virtanen.
19:26 of 2nd period - Shot Misses the Net.
19:32 of 2nd period - Shot by Aaron Ekblad.
19:32 of 2nd period - Stopped by Philipp Grubauer with a rebound.
19:46 of 2nd period - Ryan O'Reilly is hit by Aaron Ekblad and loses puck.
Goals for this period are 3 for EDMONTON ICE vs 0 for TEXAS TOROS.
Shots for this period are 20 for EDMONTON ICE vs 12 for TEXAS TOROS.

3rd period


0:01 of 3rd period - Nazem Kadri wins face-off versus Joel Eriksson Ek in neutral zone.
1:03 of 3rd period - Shot by Valtteri Filppula.
1:03 of 3rd period - Shot Blocked by Colton Parayko.
2:59 of 3rd period - Icing by Dante Fabbro.
3:00 of 3rd period - Ivan Barbashev wins face-off versus Barrett Hayton in TEXAS TOROS zone.
3:16 of 3rd period - Icing by Dante Fabbro.
3:17 of 3rd period - Barrett Hayton wins face-off versus Ryan O'Reilly in TEXAS TOROS zone.
3:52 of 3rd period - Shot by Patric Hornqvist.
3:52 of 3rd period - Deflect By Ryan O'Reilly.
3:52 of 3rd period - Stopped by Mikko Koskinen with a rebound.
3:58 of 3rd period - Shot by Ryan O'Reilly.
3:58 of 3rd period - Shot Misses the Net.
4:00 of 3rd period - Shot by Jeff Petry.
4:00 of 3rd period - Shot Blocked by Dante Fabbro.
4:02 of 3rd period - Shot by Shea Theodore.
4:02 of 3rd period - Shot Misses the Net.
4:36 of 3rd period - Icing by Dante Fabbro.
4:37 of 3rd period - Mikko Koivu wins face-off versus Barrett Hayton in TEXAS TOROS zone.
4:37 of 3rd period - Mikko Koivu is hit by Dante Fabbro.
5:10 of 3rd period - Minor Penalty to Dante Fabbro for Tripping.
5:11 of 3rd period - Nazem Kadri wins face-off versus Ryan O'Reilly in TEXAS TOROS zone.
5:17 of 3rd period - Icing by Shea Theodore.
5:18 of 3rd period - Nazem Kadri wins face-off versus Ryan O'Reilly in EDMONTON ICE zone.
5:31 of 3rd period - Icing by Jeff Petry.
5:32 of 3rd period - Ryan O'Reilly wins face-off versus Nazem Kadri in EDMONTON ICE zone.
5:43 of 3rd period - Icing by Ryan O'Reilly.
5:44 of 3rd period - Nazem Kadri wins face-off versus Ryan O'Reilly in EDMONTON ICE zone.
5:45 of 3rd period - Shot by Aaron Ekblad.
5:45 of 3rd period - Stopped by Philipp Grubauer without a rebound.
5:46 of 3rd period - Ryan O'Reilly wins face-off versus Nazem Kadri in EDMONTON ICE zone.
7:02 of 3rd period - Shot by Ondrej Kase.
7:02 of 3rd period - Stopped by Mikko Koskinen without a rebound.
7:03 of 3rd period - Joel Eriksson Ek wins face-off versus Jake Virtanen in TEXAS TOROS zone.
7:21 of 3rd period - Off-side.
7:22 of 3rd period - John Quenneville wins face-off versus Anthony Mantha in neutral zone.
10:02 of 3rd period - Boone Jenner is hit by Dante Fabbro.
10:05 of 3rd period - Icing by Conor Sheary.
10:06 of 3rd period - Valtteri Filppula wins face-off versus Joel Eriksson Ek in TEXAS TOROS zone.
10:42 of 3rd period - Off-side.
10:43 of 3rd period - Barrett Hayton wins face-off versus Mikko Koivu in neutral zone.
11:09 of 3rd period - Minor Penalty to Dale Weise for Hooking.
11:10 of 3rd period - Ryan O'Reilly wins face-off versus Nazem Kadri in TEXAS TOROS zone.
11:12 of 3rd period - Jaden Schwartz is hit by Dante Fabbro.
11:36 of 3rd period - Shot by Ryan O'Reilly.
11:36 of 3rd period - Stopped by Mikko Koskinen without a rebound.
11:37 of 3rd period - Joel Eriksson Ek wins face-off versus Jake Virtanen in TEXAS TOROS zone.
11:38 of 3rd period - Shot by Timo Meier.
11:38 of 3rd period - Shot Misses the Net.
13:05 of 3rd period - Icing by Jaden Schwartz.
13:06 of 3rd period - Nazem Kadri wins face-off versus Ryan O'Reilly in EDMONTON ICE zone.
13:15 of 3rd period - Shot by Brock McGinn.
13:15 of 3rd period - Stopped by Philipp Grubauer without a rebound.
13:16 of 3rd period - Joel Eriksson Ek wins face-off versus Barrett Hayton in EDMONTON ICE zone.
13:37 of 3rd period - Icing by Madison Bowey.
13:38 of 3rd period - Barrett Hayton wins face-off versus Ryan O'Reilly in TEXAS TOROS zone.
13:48 of 3rd period - Icing by Madison Bowey.
13:49 of 3rd period - Mikko Koivu wins face-off versus Barrett Hayton in TEXAS TOROS zone.
13:59 of 3rd period - Shot by Mikko Koivu.
13:59 of 3rd period - Shot Blocked by Barrett Hayton.
14:25 of 3rd period - Shot by Nazem Kadri.
14:25 of 3rd period - Stopped by Philipp Grubauer with a rebound.
14:58 of 3rd period - Shot by Nazem Kadri.
14:58 of 3rd period - Shot Misses the Net.
15:12 of 3rd period - Shot by Nick Cousins.
15:12 of 3rd period - Stopped by Philipp Grubauer with a rebound.
15:20 of 3rd period - Shot by Nick Cousins.
15:20 of 3rd period - Shot Blocked by Colton Parayko.
15:26 of 3rd period - Shot by Nick Cousins.
15:26 of 3rd period - Stopped by Philipp Grubauer without a rebound.
15:27 of 3rd period - Joel Eriksson Ek wins face-off versus Sven Baertschi in EDMONTON ICE zone.
15:34 of 3rd period - John Quenneville is hit by Timo Meier and loses puck.
15:36 of 3rd period - Minor Penalty to Timo Meier for Interference.
15:37 of 3rd period - Boone Jenner wins face-off versus Valtteri Filppula in EDMONTON ICE zone.
16:30 of 3rd period - Tyson Barrie is hit by Mathieu Perreault and loses puck.
16:38 of 3rd period - Off-side.
16:39 of 3rd period - Nazem Kadri wins face-off versus Boone Jenner in neutral zone.
16:48 of 3rd period - Shot by Jake Virtanen.
16:48 of 3rd period - Shot Misses the Net.
16:50 of 3rd period - Shot by Jake Virtanen.
16:50 of 3rd period - Goal by Jake Virtanen - EDMONTON ICE : 5 - TEXAS TOROS : 1.
16:51 of 3rd period - Joel Eriksson Ek wins face-off versus Barrett Hayton in neutral zone.
17:02 of 3rd period - Shot by Timo Meier.
17:02 of 3rd period - Deflect By Anthony Mantha.
17:02 of 3rd period - Shot Misses the Net.
17:04 of 3rd period - Shot by Anthony Mantha.
17:04 of 3rd period - Stopped by Mikko Koskinen with a rebound.
17:06 of 3rd period - Shot by Jack Johnson.
17:06 of 3rd period - Shot Misses the Net.
17:30 of 3rd period - Shot by Timo Meier.
17:30 of 3rd period - Deflect By Anthony Mantha.
17:30 of 3rd period - Stopped by Mikko Koskinen without a rebound.
17:31 of 3rd period - Ryan O'Reilly wins face-off versus Nazem Kadri in TEXAS TOROS zone.
17:36 of 3rd period - Shot by Jaden Schwartz.
17:36 of 3rd period - Shot Misses the Net.
18:00 of 3rd period - Minor Penalty to David Savard for Hooking.
18:01 of 3rd period - Joel Eriksson Ek wins face-off versus Valtteri Filppula in TEXAS TOROS zone.
18:29 of 3rd period - Shot by Timo Meier.
18:29 of 3rd period - Stopped by Mikko Koskinen without a rebound.
18:30 of 3rd period - Jake Virtanen wins face-off versus Ryan O'Reilly in TEXAS TOROS zone.
Goals for this period are 0 for EDMONTON ICE vs 1 for TEXAS TOROS.
Shots for this period are 6 for EDMONTON ICE vs 6 for TEXAS TOROS.


NATHAN
MACKINNON
PHILLIP
DANAULT
CONNOR
MCDAVID

EAST COAST

HOCKEY LEAGUE

  • 25.QUE4CHI5
  • 26.CHA2LIM3
  • 27.TRV2LON3
  • 28.CHW4BAL2
  • 29.PITMAN
  • 30.ATLNHW
  • 31.WORPET
  • 32.RHI